 Dungeon Crawl Stone Soup version 0.28.0-53-g5a82cb258f (webtiles) character file.

Game seed: 7428568418300942244

164 MajorAdolf the Skirmisher (level 5, -1/50 HPs)
             Began as a Naga Wanderer on June 24, 2022.
             Was an Initiate of Gozag.
             Killed from afar by Dowan (5 damage)
             ... with a puff of flame
             ... on level 5 of the Dungeon.
             The game lasted 00:06:16 (4310 turns).

MajorAdolf the Skirmisher (Naga Wanderer)           Turns: 4310, Time: 00:06:17

Health: -1/50      AC:  5    Str: 20    XL:     5   Next: 45%
Magic:  5/5        EV:  9    Int: 10    God:    Gozag
Gold:   101        SH:  0    Dex: 15    Spells: 4/4 levels left

rFire   + . .      SeeInvis +   j - +0 war axe
rCold   . . .      Faith    .   (no shield)
rNeg    . . .      Spirit   .   m - +0 ring mail
rPois   +          Reflect  .   (no helmet)
rElec   .          Harm     .   y - +0 cloak
rCorr   .          Rampage  .   (no gloves)
Will    .....                   (no barding)
Stlth   ++........              r - amulet of regeneration
HPRegen 0.96/turn               k - +6 ring of dexterity
MPRegen 0.09/turn               v - ring of protection from fire

@: about to teleport, very slow
A: AC +1, large, see invisible, deformed body, poison resistance, slowness 2,
spit poison 1, naga tail 1
a: Spit Poison, Renounce Religion, Potion Petition, Call Merchant, Bribe Branch


You were on level 5 of the Dungeon.
You worshipped Gozag.
Gozag was aware of your devotion.
You visited 2 branches of the dungeon, and saw 6 of its levels.

You collected 132 gold pieces.
You paid 31 gold pieces to Gozag.

Inventory:

Hand Weapons
 a - a +3 hand crossbow
 c - a +0 shortbow
 i - a +0 dagger
 j - a +0 war axe (weapon)
 l - a +0 short sword
 p - a +0 hunting sling
Missiles
 b - 36 bolts
 d - 28 arrows
 q - 10 sling bullets
Armour
 e - a +0 leather armour
 g - a scarf of resistance
 h - a +0 chain mail
 m - a +0 ring mail (worn)
 y - a +0 cloak (worn)
Jewellery
 k - a +6 ring of dexterity (left hand)
 r - an amulet of regeneration (around neck)
 v - a ring of protection from fire (right hand)
Scrolls
 n - 2 scrolls of teleportation
 s - a scroll of enchant armour
 u - 3 scrolls of magic mapping {unknown}
 x - a scroll of summoning {unknown}
 A - a scroll of fear {unknown}
Potions
 f - a potion of ambrosia {unknown}
 o - 2 potions of heal wounds {unknown}
 t - a potion of resistance {unknown}
 w - a potion of curing {unknown}
 z - 2 potions of haste {unknown}


   Skills:
 - Level 4.2 Fighting
 + Level 2.2 Axes
 - Level 1.7 Bows
 - Level 1.7 Crossbows
 - Level 1.5 Armour
 - Level 1.5 Dodging
 - Level 3.0 Stealth
 - Level 1.0 Evocations


You had 4 spell levels left.
You didn't know any spells.
Your spell library contained the following spells:

 Spells                   Type           Power      Damage    Failure   Level
 Summon Small Mammal      Summ           0%         N/A       54%         1
 Call Canine Familiar     Summ           0%         N/A       88%         3
 Summon Guardian Golem    Hex/Summ       0%         N/A       88%         3


Dungeon Overview and Level Annotations

Branches:
Dungeon (5/15)             Temple (1/1) D:4

Altars:
Ashenzari
Cheibriados
Dithmenos
Elyvilon
Gozag
Hepliaklqana
Kikubaaqudgha
Makhleb
Nemelex Xobeh
Okawaru
Qazlal
Ru
Sif Muna
Trog
Uskayaw
Vehumet
Wu Jian
Xom
Yredelemnul
Zin
The Shining One

Annotations:
D:5 exclusion: wyvern, Dowan, Duvessa


Innate Abilities, Weirdness & Mutations

Your serpentine skin is tough. (AC +1)
You have supernaturally acute eyesight. (SInv)
Armour fits poorly on your strangely shaped body.
Your system is resistant to poisons. (rPois)
You cover ground very slowly.
You can spit poison.
You have a snake-like lower body.


Message History

Found a scroll labelled ZISAAFFOLUL.
There is a stone staircase leading up here.
Unknown command.
A - a scroll labelled ZISAAFFOLUL You now have 101 gold pieces (gained 13).
A wyvern comes into view.
You aren't carrying any items that you can evoke.
Dowan, Brother of Duvessa comes into view.
He is wielding a +0 dagger.
Found 16 gold pieces.
Dowan shouts!
You hear a shout!
Duvessa, Sister of Dowan comes into view.
She is wielding a +0 rapier.
Dowan casts a spell at you. The puff of frost hits you!
Duvessa says, "Where magic fails, the sword succeeds!"
Okay, then.
You aren't carrying any items that you can evoke.
Okay, then.
Dowan casts a spell at Duvessa.
Duvessa seems to speed up.
Duvessa hits you with a +0 rapier. Duvessa hits you with a +0 rapier.
Duvessa hits you but does no damage. Duvessa hits you with a +0 rapier!
Dowan closely misses you. Duvessa hits you with a +0 rapier!
Duvessa hits you with a +0 rapier.
* * * LOW HITPOINT WARNING * * *
As you read the scroll of teleportation, it crumbles to dust.
You feel strangely unstable. Duvessa hits you with a +0 rapier.
* * * LOW HITPOINT WARNING * * *
Dowan hits you with a +0 dagger.
* * * LOW HITPOINT WARNING * * *
Duvessa barely misses you.
Unknown command.
Duvessa hits you with a +0 rapier.
* * * LOW HITPOINT WARNING * * *
Duvessa hits you with a +0 rapier.
* * * LOW HITPOINT WARNING * * *
Dowan gestures at you while chanting. The puff of flame hits you. You resist.
You die...
Your body crumbles into a pile of gold.

##..## ##....##
##......##
#...##...#
##########
#..####..#
#........######
#..####..#
#............<#
#...##...#
#..############
##........## ##..#
##..........###.@##
#...######...##e.#
...## ##....e##
..## ##...## ...##
##...##
#...######...##
##..........##
###......###
########


You could see Duvessa (fast) and Dowan.

Vanquished Creatures
  A howler monkey skeleton (D:4)
  3 adders
  4 gnolls (D:4)
  2 worms (D:2)
  5 orcs (D:4)
  7 ball pythons
  3 bats
  7 endoplasms
  5 giant cockroaches
  7 goblins
  6 hobgoblins
  2 quokkas
  A frilled lizard (D:2)
  14 kobolds
  8 rats
75 creatures vanquished.

Notes
Turn   | Place    | Note
-------+----------+-------------------------------------------
     0 | D:1      | MajorAdolf the Naga Wanderer began the quest for the Orb.
     0 | D:1      | MajorAdolf set off with the following items: a +3 hand
                  | crossbow, 25 bolts, a +0 shortbow, 28 arrows, a +0 leather
                  | armour
     0 | D:1      | Reached XP level 1. HP: 21/21 MP: 1/1
   196 | D:1      | Reached XP level 2. HP: 24/28 MP: 2/2
  1001 | D:1      | Reached XP level 3. HP: 36/36 MP: 3/3
  1346 | D:1      | Found a faded altar of an unknown god.
  1707 | D:2      | Found a radiant altar of Vehumet.
  1717 | D:2      | Reached skill level 4 in Fighting
  1768 | D:2      | Reached skill level 1 in Armour
  1869 | D:2      | Reached skill level 1 in Dodging
  2207 | D:2      | Reached XP level 4. HP: 44/44 MP: 4/4
  3214 | D:4      | Reached XP level 5. HP: 42/50 MP: 5/5
  3334 | D:4      | Reached skill level 1 in Axes
  3929 | D:4      | Found a staircase to the Ecumenical Temple.
  4112 | Temple   | Entered the Ecumenical Temple
  4167 | Temple   | Became a worshipper of Gozag Ym Sagoz the Greedy
  4226 | D:5      | Entered Level 5 of the Dungeon
  4276 | D:5      | Noticed a wyvern
  4293 | D:5      | Noticed Dowan
  4293 | D:5      | Noticed Duvessa
  4310 | D:5      | Killed from afar by Dowan

Illustrated notes

Levels and vault maps discovered:
D:1:      evilmike_arrival_hilbert_curve, layout_loops_corners,
          shapermc_ecumenical_altar_hornbeckon, minmay_misc_feat_cross
D:2:      layout_basic, basic_altar, kennysheep_nondescript
D:3:      layout_loops_ring
D:4:      layout_loops_ring, minmay_temple_entry_nine_rooms,
          minmay_misc_feat_diagonals
D:5:      layout_basic, minmay_misc_feat_iff, nicolae_sextant, uniq_duvessa,
          uniq_menkaure, uniq_eustachio
Temple:   grunt_wide_crystal_templ

Skill      XL: |  1  2  3  4  5 |
---------------+----------------+-----
Fighting       | 4 |  4.2
Armour         | 1 |  1.5
Dodging        | 1 |  1.5
Axes           | 2 |  2.2
Bows           | |  1.7
Crossbows      | |  1.7
Stealth        | |  3.0
Evocations     | |  1.0

Action                   |  1- 3 |  4- 6 || total
-------------------------+-------+-------++-------
Melee: Dagger            |     4 |       ||     4
       Short sword       |   135 |    49 ||   184
       War axe           |       |    29 ||    29
 Fire: Hand crossbow     |    11 |     1 ||    12
 Abil: Spit Poison       |     1 |     9 ||    10
  Use: Scroll            |       |     5 ||     5
 Stab: Sleeping          |     3 |       ||     3
Armor: Chain mail        |    10 |       ||    10
       Ring mail         |    29 |    33 ||    62
Dodge: Dodged            |    40 |    34 ||    74
